 Dungeon Crawl Stone Soup version 0.30-a0-728-gc68057be0a (webtiles) character file.

Game seed: 11403387306001637592

11 jimonade the Sneak (level 2, 0/15 HPs)
             Began as a Vine Stalker Brigand on Jan 31, 2023.
             Slain by a gnoll
             ... wielding a +0 spear
              (3 damage)
             ... on level 1 of the Dungeon.
             The game lasted 00:01:02 (250 turns).

jimonade the Sneak (Vine Stalker Brigand)            Turns: 250, Time: 00:01:03

Health: 0/15       AC:  4    Str: 13    XL:     2   Next: 25%
Magic:  0/3        EV: 11    Int: 11    God:
Gold:   35         SH:  0    Dex: 15    Spells: 1/1 levels left

rFire   . . .      SeeInvis .    a - +2 dagger
rCold   . . .      Faith    .    (no shield)
rNeg    . . .      Spirit   +    b - +0 robe
rPois   .          Reflect  .    k - +0 helmet
rElec   .          Harm     .    c - +0 cloak
rCorr   .          Rampage  .    (no gloves)
Will    .....                    (no boots)
Stlth   +++                      (no amulet)
HPRegen 0.22/turn                (no ring)
MPRegen 0.08/turn                (no ring)

@: no status effects
A: fangs 2, magic shield, antimagic bite, no potion heal 2
a: no special abilities


You were on level 1 of the Dungeon.
You visited 1 branch of the dungeon, and saw 1 of its levels.

You collected 35 gold pieces.

Inventory:

Hand Weapons
 a - a +2 dagger (weapon)
Missiles
 d - 9 poisoned darts (quivered)
 e - 3 curare-tipped darts
 i - 3 atropa-tipped darts
Armour
 b - a +0 robe (worn)
 c - a +0 cloak (worn)
 k - a +0 helmet (worn)
Jewellery
 l - an amulet of the acrobat
Scrolls
 f - a scroll of teleportation {unknown}
 g - 2 scrolls of identify {unknown}
 j - a scroll of immolation {unknown}
Potions
 h - 2 potions of invisibility {unknown}


   Skills:
 + Level 1.7 Fighting
 * Level 1.8 Short Blades
 + Level 1.9 Throwing
 + Level 0.8 Dodging
 + Level 5.3 Stealth


You had one spell level left.
You didn't know any spells.
Your spell library contained the following spells:

 Spells                   Type           Power      Damage    Failure   Level
 Slow                     Hex            0%         N/A       34%         1
 Confusing Touch          Hex            0%         N/A       71%         3
 Vampiric Draining        Necr           0%         2d6       71%         3


Dungeon Overview and Level Annotations

Branches:
Dungeon (1/15)

Altars:


Innate Abilities, Weirdness & Mutations

You have extremely sharp teeth.
When hurt, damage is shared between your health and your magic reserves.
Your bite disrupts and absorbs the magic of your enemies.
Potions cannot restore your health.


Message History

You see here a +0 helmet.
k - a +0 helmet You start putting on your armour.
You continue putting on your +0 helmet. x4
You finish putting on your +0 helmet.
You now have 22 gold pieces (gained 11).
A giant cockroach comes into view.
Found a dented silver amulet.
A giant cockroach is nearby!
Found a book of Debilitation.
The helpless giant cockroach fails to defend itself.
You impale the giant cockroach!!
You kill the giant cockroach!
No target in view!
No target in view!
You pick up a book of Debilitation and begin reading...
You add the spells Slow, Vampiric Draining and Confusing Touch to your library.
You now have 35 gold pieces (gained 13).
l - an amulet of the acrobat A quokka comes into view.
The helpless quokka fails to defend itself.
You impale the quokka!!
You kill the quokka!
No target in view!
You see here a quokka corpse.
Found a robe.
A gnoll comes into view. It is wielding a +0 spear.
Found a shortbow.
The gnoll shouts!
A gnoll is nearby!
The gnoll hits you with a +0 spear.
You hit the gnoll. Your bite misses the gnoll.
The gnoll is moderately wounded.
The gnoll hits you with a +0 spear!
Ouch! That really hurt!
* * * LOW HITPOINT WARNING * * *
You are too injured to fight recklessly!
You hit the gnoll.
The gnoll is moderately wounded.
The gnoll hits you with a +0 spear.
You die...

.........<.......
#..#.#.............#
##...##..........)..#
##....)#.............#
.#..
.##[.....##...........##
.#.#
.........#~#.........#~#
.#.#
#......#~~#.......#~~#
.#.#
#..g..#######.#######
.#.# #..@......#...#
.#.# ###........#.#..
.#.#
############.#.#...#...#
.#.# #...†........# ## .
. ...
...####.############ .#
...... ........# ? ##
.... ..####### .. ....
.....# .......


You could see a gnoll.

Vanquished Creatures
  2 giant cockroaches (D:1)
  4 jackals (D:1)
  A quokka (D:1)
  A bat (D:1)
  A kobold (D:1)
9 creatures vanquished.

Notes
Turn   | Place    | Note
-------+----------+-------------------------------------------
     0 | D:1      | jimonade the Vine Stalker Brigand began the quest for the
                  | Orb.
     0 | D:1      | Reached XP level 1. HP: 11/11 MP: 2/2
    98 | D:1      | Reached skill level 5 in Stealth
   105 | D:1      | Reached XP level 2. HP: 15/15 MP: 3/3
   250 | D:1      | Slain by a gnoll

Illustrated notes

Levels and vault maps discovered:
D:1:      psy_arrival_dodecagon, layout_loops_ring

Skill      XL: |  1 |
---------------+----+-----
Stealth        | 5 |  5.3
Fighting       | |  1.7
Short Blades   | |  1.8
Throwing       | |  1.9
Dodging        | |  0.8

Action                     || total
---------------------------++-------
  Melee: Dagger            ||    26
         Bite              ||     5
   Stab: Sleeping          ||     3
 Armour: Robe              ||     5
  Dodge: Dodged            ||    17

Table legend: (Time is in decaauts)
 A = Elapsed time spent in this place.
 B = Non-inter-level travel time spent in this place.
 C = Inter-level travel time spent in this place.
 D = Time resting spent in this place.
 E = Time spent auto-exploring this place.
 F = Levels seen in this place.
 G = Mean time per level.
                   A        B        C        D        E       F      G
               +--------+--------+--------+--------+--------+-----+--------+
         Total |    247 |    247 |      0 |      0 |    162 |   1 |  247.0 |
       Dungeon |    247 |    247 |      0 |      0 |    162 |   1 |  247.0 |
               +--------+--------+--------+--------+--------+-----+--------+

Top non-repeatable levels by time:
     D:1: 247 daAuts
